AoeStats
← [KMNB] Bandeira

Lombardia

508419037Analyzed
3v3 RM · 11d ago on Sep 22, 2026· 56m 14s· 6 players
Game mode
Random Map
Map size
Normal (6 player)
Population
200
Speed
Normal
Resources
Standard
Victory
Conquest
Starting age
Dark Age
Ending age
Imperial Age
RankedLock teamsTeams togetherTeam positionsShared explorationLock speedFull tech treeHidden civsTurbo modeCheats
Victory
Defeat
🇧🇷 Saracens · Brazil
1505
+17
🇧🇷 Magyars · Brazil
1499
+17
🇧🇷 Berbers · Brazil
1443
+19
🇮🇹 Mongols · Italy
1547
-19
🇨🇳 Sicilians · China
1507
-17
🇻🇳 Dravidians · Vietnam
1505
-17
迷途小羔羊
6:58 Loom
9:23 Feudal Age
9:58 Double-Bit Axe
12:30 Horse Collar
15:49 Wheelbarrow
19:19 Castle Age
18:33 Bloodlines
18:16 Gold Mining
18:58 Scale Barding Armor
20:32 Bow Saw
21:40 Forging
23:57 Heavy Plow
30:00 Chain Barding Armor
29:52 Fletching
31:37 Husbandry
32:46 Bodkin Arrow
35:11 Town Watch
41:41 Imperial Age
40:11 Hand Cart
41:12 Iron Casting
41:28 Caravan
42:04 Cavalier
43:47 Chemistry
42:55 Hauberk
43:11 Conscription
43:30 Plate Barding Armor
43:16 Light Cavalry
44:06 Pikeman
44:46 Squires
44:32 Gambesons
44:50 Scale Mail Armor
45:44 Halberdier
46:42 Chain Mail Armor
47:28 Blast Furnace
47:15 Arson
48:43 Plate Mail Armor
48:30 Elite Serjeant
56:36 Ballistics
56:18 Bracer
DALAT_M<O>NGKHAN
4:24 Loom
11:32 Feudal Age
17:04 Castle Age
16:22 Double-Bit Axe
16:35 Horse Collar
18:12 Heavy Plow
22:32 Wheelbarrow
22:50 Wheelbarrow
23:07 Bow Saw
30:46 Imperial Age
28:49 Fletching
29:00 Padded Archer Armor
30:08 Bodkin Arrow
30:38 Medical Corps
31:02 Leather Archer Armor
31:30 Bracer
31:52 Ballistics
33:04 Ring Archer Armor
34:23 Chemistry
33:30 Thumb Ring
34:06 Elite Elephant Archer
36:00 Conscription
36:10 Caravan
37:05 Hand Cart
36:57 Scale Barding Armor
36:55 Husbandry
37:13 Gold Mining
37:14 Stone Mining
37:13 Town Watch
38:19 Forging
37:31 Light Cavalry
39:03 Elite Skirmisher
42:23 Chain Barding Armor
42:39 Iron Casting
42:25 Wootz Steel
43:37 Fortified Wall
43:38 Masonry
45:02 Hoardings
45:38 Blast Furnace
48:03 Pikeman
48:44 Scale Mail Armor
49:48 Chain Mail Armor
48:54 Halberdier
49:35 Squires
49:21 Arson
50:26 Town Patrol
51:24 Plate Mail Armor
Evol_
8:07 Feudal Age
8:58 Double-Bit Axe
10:21 Loom
11:14 Loom
13:51 Forging
14:52 Scale Barding Armor
17:45 Gold Mining
18:49 Horse Collar
22:05 Castle Age
23:17 Bow Saw
28:05 Wheelbarrow
28:08 Fletching
35:39 Imperial Age
33:15 Town Watch
34:23 Bodkin Arrow
34:29 Padded Archer Armor
34:48 Hand Cart
34:33 Town Patrol
35:44 Bloodlines
35:34 Husbandry
36:16 Ballistics
36:27 Leather Archer Armor
36:59 Bracer
38:07 Chemistry
38:42 Parthian Tactics
39:00 Coinage
38:30 Caravan
38:54 Thumb Ring
40:21 Heavy Plow
41:15 Onager
43:45 Chain Barding Armor
44:01 Iron Casting
43:06 Heavy Camel Rider
44:19 Conscription
44:21 Drill
44:43 Capped Ram
46:38 Siege Ram
47:12 Light Cavalry
49:08 Elite Skirmisher
49:28 Siege Onager
50:32 Hussar
52:57 Banking
[KMNB] Bandeira
6:32 Loom
9:37 Feudal Age
10:13 Double-Bit Axe
11:38 Horse Collar
16:26 Scale Barding Armor
22:50 Castle Age
21:56 Bloodlines
21:54 Gold Mining
22:52 Light Cavalry
23:55 Husbandry
25:14 Wheelbarrow
25:04 Chain Barding Armor
26:25 Wheelbarrow
39:30 Imperial Age
38:43 Hand Cart
39:34 Cavalier
41:02 Plate Barding Armor
40:57 Paladin
44:04 Conscription
45:13 Heavy Plow
45:29 Bow Saw
49:01 Caravan
50:37 Hussar
[KMNB] Galodoido
8:51 Feudal Age
7:43 Loom
14:55 Fletching
25:30 Castle Age
24:47 Double-Bit Axe
25:13 Forging
24:56 Gold Mining
24:48 Horse Collar
26:03 Padded Archer Armor
25:47 Crossbowman
26:41 Bodkin Arrow
30:28 Ballistics
31:27 Leather Archer Armor
34:08 Bow Saw
35:28 Wheelbarrow
35:32 Heavy Plow
36:18 Gold Shaft Mining
37:03 Hand Cart
36:34 Town Watch
37:46 Town Patrol
39:26 Stone Mining
42:43 Imperial Age
39:56 Treadmill Crane
40:27 Masonry
41:43 Thumb Ring
40:59 Elite Skirmisher
42:21 Fortified Wall
43:57 Bracer
43:18 Arbalester
45:50 Two-Man Saw
44:57 Husbandry
45:08 Bloodlines
45:29 Ring Archer Armor
45:04 Scale Barding Armor
45:10 Forging
45:21 Conscription
47:11 Chemistry
46:27 Capped Ram
47:43 Siege Ram
50:57 Iron Casting
50:43 Chain Barding Armor
53:45 Blast Furnace
53:21 Plate Barding Armor
52:07 Light Cavalry
52:23 Elite Mameluke
55:27 Caravan
[KMNB] Dedão
6:13 Loom
9:26 Feudal Age
10:34 Double-Bit Axe
12:46 Forging
13:29 Horse Collar
15:13 Bloodlines
19:05 Wheelbarrow
21:37 Castle Age
20:03 Gold Mining
20:31 Stone Mining
23:49 Bow Saw
23:41 Heavy Plow
26:19 Hand Cart
29:00 Fletching
30:23 Town Watch
33:10 Imperial Age
31:08 Bodkin Arrow
31:16 Husbandry
31:56 Ballistics
32:33 Padded Archer Armor
33:01 Masonry
34:48 Conscription
35:39 Stone Shaft Mining
35:41 Gold Shaft Mining
36:21 Chemistry
35:04 Elite Camel Archer
35:56 Bracer
36:12 Leather Archer Armor
36:57 Maghrebi Camels
38:02 Ring Archer Armor
38:18 Caravan
38:29 Town Patrol
42:37 Scale Barding Armor
43:08 Iron Casting
44:49 Coinage
45:54 Crop Rotation
52:55 Murder Holes
52:41 Treadmill Crane
53:25 Chain Barding Armor
54:06 Blast Furnace
52:28 Light Cavalry
53:17 Hussar
57:17 Plate Barding Armor
Connection lost

Rejoining the realm…

Still unreachable

The connection could not be restored.

Session expired

The server has moved on; the page needs a fresh start.